 Dungeon Crawl Stone Soup version 0.29-a0-1027-gcd8c55af63 (webtiles) character file.

Game seed: 4058840359952942612

877 27heaven the Ogre Mage (level 8, -3/74 HPs)
             Began as an Ogre Fire Elementalist on Aug 13, 2022.
             Was a Priest of Makhleb.
             Slain by an ogre
             ... wielding a +0 giant club
              (18 damage)
             ... on level 5 of the Dungeon.
             The game lasted 00:14:31 (5767 turns).

27heaven the Ogre Mage (Ogre Fire Elementalist)     Turns: 5767, Time: 00:14:31

Health: -3/74      AC:  5    Str: 13    XL:     8   Next: 4%
Magic:  9/15       EV: 10    Int: 18    God:    Makhleb [***...]
Gold:   238        SH:  0    Dex:  9    Spells: 11/17 levels left

rFire   + . .      SeeInvis .   w - +0 morningstar
rCold   . . .      Faith    .   (no shield)
rNeg    . . .      Spirit   .   a - +0 robe
rPois   .          Reflect  .   l - +1 hat
rElec   .          Harm     .   k - +0 cloak
rCorr   .          Rampage  .   (gloves unavailable)
Will    +....                   (boots unavailable)
Stlth   +.........              i - amulet of the acrobat
HPRegen 0.22/turn               f - ring of protection from fire
MPRegen 0.14/turn               B - ring of willpower

@: no status effects
A: large, unfitting armour, tough skin 1
a: Renounce Religion, Minor Destruction, Lesser Servant of Makhleb


You were on level 5 of the Dungeon.
You worshipped Makhleb.
Makhleb was most pleased with you.
You visited 1 branch of the dungeon, and saw 5 of its levels.

You collected 238 gold pieces.

Inventory:

Hand Weapons
 w - a +0 morningstar (weapon)
Missiles
 c - 2 throwing nets
Armour
 a - a +0 robe (worn)
 k - a +0 cloak (worn)
 l - a +1 hat (worn)
Jewellery
 f - a ring of protection from fire (left hand)
 i - an amulet of the acrobat (around neck)
 B - a ring of willpower (right hand)
Wands
 u - a wand of digging (6)
Scrolls
 d - a scroll of torment
 h - a scroll of noise
 j - a scroll of vulnerability
 m - 2 scrolls of teleportation
 o - a scroll of blinking
 r - 3 scrolls of immolation
 s - a scroll of poison {unknown}
 v - 2 scrolls of enchant armour {unknown}
 y - a scroll of identify
 z - a scroll of magic mapping {unknown}
 A - a scroll of amnesia {unknown}
Potions
 b - a potion of magic
 e - 2 potions of haste
 g - 2 potions of ambrosia
 n - a potion of curing
 p - a potion of attraction {unknown}
 q - 3 potions of heal wounds
 t - 2 potions of degeneration {unknown}
 x - a potion of brilliance {unknown}


   Skills:
 + Level 2.3 Fighting
 + Level 1.4 Armour
 + Level 2.6 Dodging
 - Level 1.4 Stealth
 + Level 5.0 Spellcasting
 + Level 3.7 Conjurations
 + Level 3.0 Hexes
 + Level 4.5 Fire Magic


You had 11 spell levels left.
You knew the following spells:

 Your Spells              Type           Power      Damage    Failure   Level
a - Foxfire               Conj/Fire      76%        2x1d7     2%          1
b - Inner Flame           Hex/Fire       18%        N/A       9%          3
c - Scorch                Fire           42%        2d7       3%          2

Your spell library contained the following spells:

 Spells                   Type           Power      Damage    Failure   Level
 Conjure Flame            Conj/Fire      19%        6-21      7%          3
 Flame Wave               Conj/Fire      19%        2d7       24%         4


Dungeon Overview and Level Annotations

Branches:
Dungeon (5/15)
 Temple: D:4-7

Altars:
Elyvilon
Makhleb
Ru
Zin

Annotations:
D:4 2 transporters, capka3m's ghost, amateur DgEE


Innate Abilities, Weirdness & Mutations

You are too large for most types of armour.
You have tough skin. (AC +1)


Message History

Confirm with . or Enter, or press ? or * to list all spells.
You conjure some foxfire!
An orc comes into view. It is wielding a +0 mace.
The ogre misses you.
You barely miss the ogre.
The ogre is moderately wounded.
The foxfire hits the ogre but does no damage.
The ogre is moderately wounded.
The foxfire hits the ogre.
The ogre is burned terribly!
The ogre is moderately wounded.
The ogre barely misses you.
An orc comes into view. It is wielding a +0 flail.
Casting: Foxfire (safe; 2% risk of failure)
Confirm with . or Enter, or press ? or * to list all spells.
You conjure some foxfire!
The orc shouts!
You sock the ogre!
The ogre is heavily wounded.
The ogre is no longer more vulnerable to fire.
The foxfire hits the orc.
The orc is heavily wounded.
The foxfire hits the ogre.
The ogre is severely wounded.
The ogre hits you with a +0 giant club!!
The ogre misses you.
Your magical contamination has completely faded away.
The orc attacks as you move away! The orc completely misses you.
You hit the orc.
You kill the orc!
Makhleb accepts your kill.
You feel better.
Casting: Foxfire (safe; 2% risk of failure)
Confirm with . or Enter, or press ? or * to list all spells.
You conjure some foxfire!
The ogre hits you with a +0 giant club!!
* * * LOW HITPOINT WARNING * * *
Your foxfire dissipates!
The ogre attacks as you move away!
The ogre hits you with a +0 giant club!!
You die...

#.# #.# # #.# # #.#.# .#
#.#.##.#### #.oo.......
#####.###'###.# ## ..
#...vO#....$#.# # ...
#.###@#.....#$# ###.####
#..#.._..#.# #......#
#..#...$.#.# #.....
#.##..#.....#.# # ###.#.#
.#.....#######.# ###.....#
.####..........#
.##.....#.......#####.####
..##..#.#..##########.######
..†........# #.........# ##


You could see an ogre (ally target) and 2 orcs.

Vanquished Creatures
  An ogre (D:5)
  Blork the orc (D:3)
  2 scorpions (D:5)
  3 necrophages (D:4)
  A howler monkey (D:5)
  A gnoll bouda (D:4)
  A jelly (D:4)
  2 iguanas
  An orc wizard (D:4)
  8 gnolls
  7 adders
  5 worms
  4 dart slugs
  8 orcs
  2 ball pythons
  6 endoplasms
  4 giant cockroaches
  4 goblins
  2 hobgoblins
  12 jackals
  5 kobolds
  7 bats
  5 frilled lizards
  2 rats
94 creatures vanquished.

Vanquished Creatures (collateral kills)
  3 foxfires (D:2)
3 creatures vanquished.

Vanquished Creatures (others)
  2 demonic plants (D:2)
  301 foxfires
  6 fungi (D:2)
  4 plants (D:2)
  4 withered plants (D:2)
317 creatures vanquished.

Grand Total: 414 creatures vanquished

Notes
Turn   | Place    | Note
-------+----------+-------------------------------------------
     0 | D:1      | 27heaven the Ogre Fire Elementalist began the quest for the
                  | Orb.
     0 | D:1      | Reached XP level 1. HP: 16/16 MP: 3/3
    25 | D:1      | Reached skill level 1 in Conjurations
   398 | D:1      | Reached XP level 2. HP: 24/24 MP: 2/5
   828 | D:1      | HP: 1/24 [gnoll/+0 club (7)]
   948 | D:1      | Reached skill level 3 in Spellcasting
   981 | D:1      | Reached XP level 3. HP: 31/31 MP: 1/7
  1167 | D:2      | Learned a level 3 spell: Inner Flame
  1315 | D:2      | Reached XP level 4. HP: 39/39 MP: 3/9
  1384 | D:2      | Found a faded altar of an unknown god.
  1452 | D:2      | Prayed at the altar of an unknown god.
  1452 | D:2      | Became a worshipper of Makhleb the Destroyer
  1452 | D:2      | Reached * piety under Makhleb
  1507 | D:2      | You fall into a shaft and drop 1 floor!
  2096 | D:3      | Identified the +2 leather armour of the Gloaming {Str+4
                  | Int+4}
  2099 | D:3      | Reached skill level 1 in Hexes
  2270 | D:3      | Reached XP level 5. HP: 45/45 MP: 6/10
  2937 | D:2      | Reached ** piety under Makhleb
  3214 | D:3      | Learned a level 2 spell: Scorch
  3237 | D:4      | Noticed Blork the orc
  3483 | D:3      | Killed Blork the orc
  3484 | D:3      | Reached skill level 4 in Spellcasting
  3692 | D:4      | Found a transporter.
  3692 | D:4      | Noticed an ogre
  3692 | D:4      | Noticed capka3m's ghost (amateur DgEE)
  3693 | D:4      | Found a transporter.
  3693 | D:4      | Noticed an ogre
  3693 | D:4      | Noticed an ogre
  3747 | D:4      | Reached XP level 6. HP: 49/53 MP: 6/12
  4054 | D:4      | Found a sacrificial altar of Ru.
  4519 | D:4      | Reached XP level 7. HP: 57/61 MP: 13/13
  4558 | D:4      | Found a white marble altar of Elyvilon.
  4723 | D:4      | Reached skill level 1 in Fighting
  5021 | D:5      | Entered Level 5 of the Dungeon
  5049 | D:4      | Reached *** piety under Makhleb
  5156 | D:5      | Reached skill level 1 in Armour
  5500 | D:5      | Reached skill level 5 in Spellcasting
  5663 | D:5      | Reached XP level 8. HP: 70/74 MP: 12/15
  5738 | D:5      | Found a glowing silver altar of Zin.
  5767 | D:5      | Slain by an ogre

Illustrated notes

Levels and vault maps discovered:
D:1:      minmay_arrival_stone_box, layout_loops_ring,
          dreamdust_princess_corridor
D:2:      layout_loops_ring, shapermc_ecumenical_altar_gd
D:3:      layout_basic, kennysheep_generic_room_13
D:4:      layout_basic, overflow_temple_1_default, hangedman_ru_absence,
          gammafunk_ghost_smash, uniq_blork_the_orc
D:5:      layout_loops_cross, amcnicky_altar_gilded,
          nicolae_overflow_hidden_temple

Skill      XL: |  1  2  3  4  5  6  7 |
---------------+----------------------+-----
Conjurations   | 1 2 3 |  3.7
Spellcasting   | 3 4 5 |  5.0
Fire Magic     | 3 4 |  4.5
Hexes          | 1 2 3 |  3.0
Fighting       | 2 |  2.3
Dodging        | 2 |  2.6
Armour         | 1 |  1.4
Stealth        | |  1.4

Action                   |  1- 3 |  4- 6 |  7- 9 || total
-------------------------+-------+-------+-------++-------
Melee: Unarmed           |    26 |    40 |       ||    66
       Punch             |       |     2 |       ||     2
       Morningstar       |       |     5 |    27 ||    32
 Cast: Foxfire           |    39 |   115 |    42 ||   196
       Scorch            |       |    12 |     9 ||    21
  Use: Scroll            |     2 |     7 |       ||     9
       Potion            |     1 |       |       ||     1
Armor: Robe              |    16 |    11 |    10 ||    37
Dodge: Dodged            |    25 |    42 |    28 ||    95

Table legend: (Time is in decaauts)
 A = Elapsed time spent in this place.
 B = Non-inter-level travel time spent in this place.
 C = Inter-level travel time spent in this place.
 D = Time resting spent in this place.
 E = Time spent auto-exploring this place.
 F = Levels seen in this place.
 G = Mean time per level.
                   A        B        C        D        E       F      G
               +--------+--------+--------+--------+--------+-----+--------+
         Total |   5785 |   5669 |    116 |    687 |   4025 |   5 | 1157.0 |
       Dungeon |   5785 |   5669 |    116 |    687 |   4025 |   5 | 1157.0 |
               +--------+--------+--------+--------+--------+-----+--------+

Top non-repeatable levels by time:
     D:3: 1551 daAuts
     D:4: 1507 daAuts
     D:1: 1041 daAuts
     D:2: 1008 daAuts
     D:5: 676 daAuts
